ITL
BLUEVILLE 83'S @ WABA DUCKS
08/16/2026
 
TOP OF THE 1ST
Blueville 83's batting - Pitching for Waba Ducks : RHP Tyrone Williams
Pitching: RHP Tyrone Williams
Batting: RHB Earl Conrad 0-0: Ground out 6-3 (Groundball, 6M)
Batting: RHB Juan Costello 0-0: Ball
1-0: Ball
2-0: Swinging Strike
2-1: SINGLE (Groundball, 5L)
Batting: RHB Gernot Renner 0-0: Grounds into double play, 5-4-3 (Groundball, 5)
Top of the 1st over - 0 run(s), 1 hit(s), 0 error(s), 0 left on base; Blueville 0 - Waba 0
BOTTOM OF THE 1ST
Waba Ducks batting - Pitching for Blueville 83's : RHP Félix Medina
Pitching: RHP Félix Medina
Batting: RHB Ramón Torres 0-0: Ball
1-0: Fly out, F9 (Flyball, 9D)
Batting: SHB Ed Hunter 0-0: Foul Ball, location: 2F
0-1: Fly out, F5 (Popup, 5L)
Batting: RHB Ed Small 0-0: Called Strike
0-1: Ground out 3-1 (Groundball, 34)
Bottom of the 1st over - 0 run(s), 0 hit(s), 0 error(s), 0 left on base; Blueville 0 - Waba 0
TOP OF THE 2ND
Blueville 83's batting - Pitching for Waba Ducks : RHP Tyrone Williams
Batting: RHB Bryce Hester 0-0: Foul Ball, location: 2F
0-1: Swinging Strike
0-2: Ball
1-2: Ball
2-2: Foul Ball, location: 2F
2-2: SINGLE (Groundball, 34D)
Batting: RHB Matt Perkins 0-0: Foul Ball, location: 2F
0-1: Called Strike
0-2: Ball
1-2: Strikes out swinging
Batting: LHB Júlio Velásquez 0-0: Called Strike
0-1: Fielders Choice at 2nd, 6-4 (Groundball, 6)
Batting: RHB Kuniaki Kawashima 0-0: Called Strike
0-1: Ball
1-1: Fly out, F8 (Flyball, 78M)
Top of the 2nd over - 0 run(s), 1 hit(s), 0 error(s), 1 left on base; Blueville 0 - Waba 0
BOTTOM OF THE 2ND
Waba Ducks batting - Pitching for Blueville 83's : RHP Félix Medina
Batting: RHB Chris Osborn 0-0: Called Strike
0-1: Ball
1-1: Called Strike
1-2: Ball
2-2: Foul Ball, location: 2F
2-2: Foul Ball, location: 2F
2-2: Ball
3-2: Fly out, F7 (Flyball, 7D)
Batting: LHB William Wolf 0-0: SINGLE (Line Drive, 6MD)
Batting: RHB Ángelo García 0-0: Ball
1-0: Foul Ball, location: 2F
1-1: Ball
2-1: Swinging Strike
2-2: Strikes out swinging
Batting: RHB Tokuhei Kobayashi 0-0: Called Strike
0-1: Ball
1-1: Ball
2-1: TRIPLE (Line Drive, 7LS)
William Wolf scores
Batting: RHB Félix Quintero 0-0: Called Strike
0-1: Ground out 6-3 (Groundball, 6M)
Bottom of the 2nd over - 1 run(s), 2 hit(s), 0 error(s), 1 left on base; Blueville 0 - Waba 1
TOP OF THE 3RD
Blueville 83's batting - Pitching for Waba Ducks : RHP Tyrone Williams
Batting: LHB Cristóbal Cintrón 0-0: Foul Ball, location: 2F
0-1: Ball
1-1: Swinging Strike
1-2: Ball
2-2: Ball
3-2: SINGLE (Line Drive, 4M)
Batting: LHB Robbie McLaughlin 0-0: Foul Ball, location: 2F
0-1: Foul Ball, location: 2F
0-2: Ball
1-2: Ball
2-2: Reached on Error, E7 (Flyball, 78M)
Cristóbal Cintrón to second
Batting: RHB Earl Conrad 0-0: Foul Ball, location: 2F
0-1: Foul Ball, location: 2F
0-2: Ball
1-2: Grounds into double play, 4-6-3 (Groundball, 4)
Cristóbal Cintrón to third
Batting: RHB Juan Costello 0-0: Ball
1-0: Foul Ball, location: 2F
1-1: Foul Ball, location: 2F
1-2: Strikes out swinging
Top of the 3rd over - 0 run(s), 1 hit(s), 1 error(s), 1 left on base; Blueville 0 - Waba 1
BOTTOM OF THE 3RD
Waba Ducks batting - Pitching for Blueville 83's : RHP Félix Medina
Batting: RHB António Valdéz 0-0: Called Strike
0-1: Swinging Strike
0-2: Ball
1-2: SINGLE (Line Drive, 56)
Batting: RHB Ramón Torres 0-0: SINGLE (Flyball, 89S)
António Valdéz to second
Runner from 2nd tries for 3rd, SAFE, no throw or cutoff
Batting: SHB Ed Hunter 0-0: Ball
1-0: Fly out, F5 (Line Drive, 56)
1-0: Lined into DP, U5 (Line Drive, 56)
Batting: RHB Ed Small 0-0: Ball
1-0: Ball
2-0: Ball
3-0: Called Strike
3-1: Foul Ball, location: 2F
3-2: Foul Ball, location: 2F
3-2: Foul Ball, location: 2F
3-2: Ground out 3-1 (Groundball, 23)
Bottom of the 3rd over - 0 run(s), 2 hit(s), 0 error(s), 1 left on base; Blueville 0 - Waba 1
TOP OF THE 4TH
Blueville 83's batting - Pitching for Waba Ducks : RHP Tyrone Williams
Batting: RHB Gernot Renner 0-0: Ball
1-0: Called Strike
1-1: Foul Ball, location: 2F
1-2: Ground out 5-3 (Groundball, 5)
Batting: RHB Bryce Hester 0-0: Ball
1-0: Foul Ball, location: 2F
1-1: Ball
2-1: Swinging Strike
2-2: Ground out 5-3 (Groundball, 56)
Batting: RHB Matt Perkins 0-0: Ball
1-0: Called Strike
1-1: Ball
2-1: Ball
3-1: Foul Ball, location: 2F
3-2: Strikes out looking
Top of the 4th over - 0 run(s), 0 hit(s), 0 error(s), 0 left on base; Blueville 0 - Waba 1
BOTTOM OF THE 4TH
Waba Ducks batting - Pitching for Blueville 83's : RHP Félix Medina
Batting: RHB Chris Osborn 0-0: Ball
1-0: Called Strike
1-1: Ball
2-1: Foul Ball, location: 2F
2-2: Foul Ball, location: 2F
2-2: Strikes out swinging
Batting: LHB William Wolf 0-0: Called Strike
0-1: Fly out, F8 (Flyball, 8LM)
Batting: RHB Ángelo García 0-0: DOUBLE (Line Drive, 5L)
Batting: RHB Tokuhei Kobayashi 0-0: Called Strike
0-1: Foul Ball, location: 2F
0-2: 2-RUN HOME RUN (Flyball, 78XD), Distance : 364 ft
Batting: RHB Félix Quintero 0-0: Foul Ball, location: 2F
0-1: Ball
1-1: Called Strike
1-2: DOUBLE (Flyball, 8LD)
Batting: RHB António Valdéz 0-0: Swinging Strike
0-1: Ball
1-1: Foul Ball, location: 2F
1-2: Fly out, F8 (Flyball, 8RXD)
Bottom of the 4th over - 2 run(s), 3 hit(s), 0 error(s), 1 left on base; Blueville 0 - Waba 3
TOP OF THE 5TH
Blueville 83's batting - Pitching for Waba Ducks : RHP Tyrone Williams
Batting: LHB Júlio Velásquez 0-0: Foul Ball, location: 2F
0-1: Ball
1-1: Ground out U3 (Groundball, 3)
Batting: RHB Kuniaki Kawashima 0-0: Ball
1-0: Ground out 6-3 (Groundball, 6M)
Batting: LHB Cristóbal Cintrón 0-0: Ball
1-0: Called Strike
1-1: Called Strike
1-2: Ball
2-2: Strikes out swinging
Top of the 5th over - 0 run(s), 0 hit(s), 0 error(s), 0 left on base; Blueville 0 - Waba 3
BOTTOM OF THE 5TH
Waba Ducks batting - Pitching for Blueville 83's : RHP Félix Medina
Batting: RHB Ramón Torres 0-0: Called Strike
0-1: Foul Ball, location: 2F
0-2: Foul Ball, location: 2F
0-2: DOUBLE (Flyball, 89D)
Batting: SHB Ed Hunter 0-0: Ball
1-0: Foul Ball, location: 2F
1-1: Ball
2-1: Ball
3-1: DOUBLE (Groundball, 3L)
Ramón Torres scores
Pitching: RHP José Ruíz
Batting: RHB Ed Small 0-0: Called Strike
0-1: Ball
1-1: Foul Ball, location: 2F
1-2: Ground out 5-3 (Groundball, 56)
Batting: RHB Chris Osborn 0-0: Called Strike
0-1: Ball
1-1: Foul Ball, location: 2F
1-2: Strikes out swinging
Batting: LHB William Wolf 0-0: Ball
1-0: Foul Ball, location: 2F
1-1: Ball
2-1: Ground out 4-3 (Groundball, 4M)
Bottom of the 5th over - 1 run(s), 2 hit(s), 0 error(s), 1 left on base; Blueville 0 - Waba 4
TOP OF THE 6TH
Blueville 83's batting - Pitching for Waba Ducks : RHP Tyrone Williams
Batting: LHB Robbie McLaughlin 0-0: Ball
1-0: Foul Ball, location: 2F
1-1: Ground out 3-1 (Groundball, 34)
Batting: RHB Earl Conrad 0-0: Ground out 5-3 (Groundball, 5)
Batting: RHB Juan Costello 0-0: Ball
1-0: Ball
2-0: Called Strike
2-1: Ball
3-1: Base on Balls
Batting: RHB Gernot Renner 0-0: Ball
1-0: Ball
2-0: Foul Ball, location: 2F
2-1: Foul Ball, location: 2F
2-2: Fly out, F8 (Flyball, 8LXD)
Top of the 6th over - 0 run(s), 0 hit(s), 0 error(s), 1 left on base; Blueville 0 - Waba 4
BOTTOM OF THE 6TH
Waba Ducks batting - Pitching for Blueville 83's : RHP José Ruíz
Batting: RHB Ángelo García 0-0: Called Strike
0-1: Called Strike
0-2: Ground out U3 (Groundball, 3S)
Batting: RHB Tokuhei Kobayashi 0-0: Ball
1-0: Ball
2-0: Called Strike
2-1: Ground out 4-3 (Groundball, 4)
Batting: RHB Félix Quintero 0-0: Ball
1-0: Swinging Strike
1-1: Called Strike
1-2: Strikes out swinging
Bottom of the 6th over - 0 run(s), 0 hit(s), 0 error(s), 0 left on base; Blueville 0 - Waba 4
TOP OF THE 7TH
Blueville 83's batting - Pitching for Waba Ducks : RHP Tyrone Williams
Batting: RHB Bryce Hester 0-0: Ball
1-0: Called Strike
1-1: Swinging Strike
1-2: Foul Ball, location: 2F
1-2: Ball
2-2: SINGLE (Line Drive, 9LS)
Batting: RHB Matt Perkins 0-0: Called Strike
Bryce Hester steals 2nd base
0-1: Foul Ball, location: 2F
0-2: Ground out 6-3 (Groundball, 6)
Batting: LHB Júlio Velásquez 0-0: Ball
1-0: Ball
2-0: Ground out 5-3 (Groundball, 56)
Batting: RHB Kuniaki Kawashima 0-0: Ball
1-0: Foul Ball, location: 2F
1-1: Ball
2-1: Ball
3-1: Base on Balls
Batting: LHB Cristóbal Cintrón 0-0: Ball
1-0: Foul Ball, location: 2F
1-1: Foul Ball, location: 2F
1-2: Foul Ball, location: 2F
1-2: Ball
2-2: Strikes out swinging
Top of the 7th over - 0 run(s), 1 hit(s), 0 error(s), 2 left on base; Blueville 0 - Waba 4
BOTTOM OF THE 7TH
Waba Ducks batting - Pitching for Blueville 83's : RHP José Ruíz
Pitching: RHP Félix Rivera
Batting: RHB António Valdéz 0-0: Called Strike
0-1: Called Strike
0-2: Foul Ball, location: 2F
0-2: Ball
1-2: Strikes out swinging
Batting: RHB Ramón Torres 0-0: Ball
1-0: Ground out U3 (Groundball, 3S)
Batting: SHB Ed Hunter 0-0: Ground out 4-3 (Groundball, 4)
Bottom of the 7th over - 0 run(s), 0 hit(s), 0 error(s), 0 left on base; Blueville 0 - Waba 4
TOP OF THE 8TH
Blueville 83's batting - Pitching for Waba Ducks : RHP Tyrone Williams
Pitching: RHP Jared Cameron
Batting: LHB Robbie McLaughlin 0-0: Swinging Strike
0-1: Ball
1-1: Called Strike
1-2: Ball
2-2: Foul Ball, location: 2F
2-2: Ball
3-2: Foul Ball, location: 2F
3-2: Ground out 4-3 (Groundball, 4)
Batting: RHB Earl Conrad 0-0: Ball
1-0: Ball
2-0: Foul Ball, location: 2F
2-1: Reached on error, E5 (Groundball, 5)
Batting: RHB Juan Costello 0-0: Swinging Strike
0-1: SINGLE (Groundball, 4M)
Earl Conrad to second
Pitching: RHP Sergio Torres
Batting: RHB Gernot Renner 0-0: Called Strike
0-1: Fly out, F7 (Flyball, 78M)
Batting: RHB Bryce Hester 0-0: Ball
1-0: Ball
2-0: SINGLE (Line Drive, 7S)
Earl Conrad to third
Juan Costello to second
Runner from 3rd tries for Home, SAFE, no throw or cutoff
Batting: RHB Matt Perkins 0-0: Swinging Strike
0-1: Foul Ball, location: 2F
0-2: Strikes out looking
Top of the 8th over - 1 run(s), 2 hit(s), 1 error(s), 2 left on base; Blueville 1 - Waba 4
BOTTOM OF THE 8TH
Waba Ducks batting - Pitching for Blueville 83's : RHP Félix Rivera
Batting: RHB Ed Small 0-0: Called Strike
0-1: Ball
1-1: Swinging Strike
1-2: Foul Ball, location: 2F
1-2: Strikes out swinging
Batting: RHB Chris Osborn 0-0: Called Strike
0-1: Swinging Strike
0-2: Ball
1-2: Foul Ball, location: 2F
1-2: Ball
2-2: Strikes out looking
Batting: LHB William Wolf 0-0: Called Strike
0-1: SOLO HOME RUN (Flyball, 89XD), Distance : 362 ft
Batting: RHB Ángelo García 0-0: Foul Ball, location: 2F
0-1: Called Strike
0-2: Foul Ball, location: 2F
0-2: Ball
1-2: Strikes out looking
Bottom of the 8th over - 1 run(s), 1 hit(s), 0 error(s), 0 left on base; Blueville 1 - Waba 5
TOP OF THE 9TH
Blueville 83's batting - Pitching for Waba Ducks : RHP Sergio Torres
Batting: LHB Júlio Velásquez 0-0: Swinging Strike
0-1: Foul Ball, location: 2F
0-2: Foul Ball, location: 2F
0-2: Ball
1-2: Ball
2-2: Ground out 3-1 (Groundball, 34S)
Batting: RHB Kuniaki Kawashima 0-0: Ball
1-0: Called Strike
1-1: Ball
2-1: Ball
3-1: Foul Ball, location: 2F
3-2: Fly out, F4 (Popup, 3)
Batting: LHB Cristóbal Cintrón 0-0: Called Strike
0-1: Called Strike
0-2: Foul Ball, location: 2F
0-2: Strikes out looking
Top of the 9th over - 0 run(s), 0 hit(s), 0 error(s), 0 left on base; Blueville 1 - Waba 5
Monday, December 5th, 2016 - OOTP Baseball 17.12 Build 75